 Dungeon Crawl Stone Soup version 0.23.2 (webtiles) character file.

Game seed: 14214447054752588681

3252 PentaManta the Grappler (level 9, 0/141 HPs)
             Began as a Troll Berserker on Apr 3, 2019.
             Was a High Priest of Trog.
             Slain by a killer bee (2 damage)
             ... on level 8 of the Dungeon.
             The game lasted 00:11:30 (5788 turns).

PentaManta the Grappler (Troll Berserker)           Turns: 5788, Time: 00:11:31

Health: 0/141      AC:  7    Str: 35    XL:     9   Next: 67%
Magic:  8/8        EV: 15    Int:  3    God:    Trog [*****.]
Gold:   468        SH:  0    Dex:  9    Spells: 8/8 levels left

rFire    . . .     SeeInvis .     - Unarmed
rCold    + . .     Gourm    +   (no shield)
rNeg     . . .     Faith    .   a - +0 animal skin
rPois    .         Spirit   .   (helmet restricted)
rElec    .         Reflect  .   w - +0 cloak
rCorr    .         Harm     .   (gloves unavailable)
MR       ++...                  (boots unavailable)
Stlth    ..........             (no amulet)
HPRegen  1.73/turn              j - ring of protection from cold
MPRegen  0.11/turn              k - +3 ring of evasion

@: berserking, lethally poisoned (0 -> 0), regenerating, very quick
A: large, unfitting armour, claws 3, fast metabolism 3, gourmand, regeneration
1, shaggy fur 1, tough skin 3
a: Berserk, Trog's Hand, Brothers in Arms, Renounce Religion


You were on level 8 of the Dungeon.
You worshipped Trog.
Trog was extremely pleased with you.
You were near starving.

You visited 2 branches of the dungeon, and saw 9 of its levels.
You also visited: Sewer.

You collected 468 gold pieces.

Inventory:

Missiles
 p - 14 tomahawks (quivered)
 y - 7 javelins
 B - 3 poisoned javelins
Armour
 a - a +0 animal skin (worn)
 w - a +0 cloak (worn)
Jewellery
 j - a ring of protection from cold (left claw)
 k - a +3 ring of evasion (right claw)
Wands
 i - a wand of polymorph (8)
 q - a wand of enslavement (8)
Scrolls
 d - 3 scrolls of remove curse
 f - 7 scrolls of teleportation
 h - 10 scrolls of identify {unknown}
 l - 3 scrolls of random uselessness {unknown}
 m - 2 scrolls of amnesia {unknown}
 r - a scroll of enchant weapon {unknown}
 t - 2 scrolls of fear {unknown}
 u - a scroll of vulnerability {unknown}
 C - a scroll of holy word {unknown}
Potions
 c - a potion of ambrosia {unknown}
 e - 4 potions of agility
 g - 2 potions of berserk rage
 n - 3 potions of mutation {unknown}
 o - a potion of brilliance {unknown}
 s - 2 potions of degeneration {unknown}
 v - 2 potions of flight {unknown}
 x - 2 potions of curing {unknown}
 z - 2 potions of invisibility {unknown}
 A - a potion of heal wounds {unknown}
Comestibles
 b - 13 rations


   Skills:
 * Level 7.7 Fighting
 + Level 5.5 Dodging
 * Level 9.3 Unarmed Combat


You had 8 spell levels left.
You didn't know any spells.
Your spell library was empty.

Dungeon Overview and Level Annotations

Branches:
Dungeon (8/15)             Temple (1/1) D:7
   Lair: D:8-11

Altars:
Ashenzari
Dithmenos
Fedhas
Gozag
Hepliaklqana
Kikubaaqudgha
Makhleb
Nemelex Xobeh
Okawaru
Qazlal
Ru
Sif Muna
Trog
Uskayaw
Vehumet
Wu Jian
Xom
Yredelemnul
Zin
The Shining One

Shops:
D:4 :


Innate Abilities, Weirdness & Mutations

You are too large for most types of armour.
You have claws for hands.
Your metabolism is lightning-fast.
You like to eat raw meat.
Your natural rate of healing is unusually fast.
You are covered in fur. (AC +1)
You have extremely tough skin. (AC +3)


Message History

You miss the killer bee.
You recover from your berserk rage.
You feel sick. The killer bee stings you.
* * * LOW HITPOINT WARNING * * *
The killer bee stings you but does no damage.
You scratch the killer bee but do no damage.
You feel sick. The killer bee stings you!
* * * LOW HITPOINT WARNING * * *
The killer bee closely misses you. The killer bee completely misses you.
The killer bee closely misses you. x2
The killer bee stings you but does no damage.
It was a potion of berserk rage.
A red film seems to cover your vision as you go berserk!
You feel yourself moving faster!
You feel mighty!
You feel sick. The killer bee barely misses you.
The killer bee closely misses you. The killer bee stings you.
* * * LOW HITPOINT WARNING * * *
You are more poisoned.
The killer bee poisons you! The killer bee stings you.
You die...

$$? ### ... #.#
########### #.# ..
#.....y...# #.##
#.##yy######.#####... ##
#.##@y.## #........# ##..
..##y...# #.######.# #...
#.##...### #.# #.# #..
#.##..###.##.######y#
#..###.##.###...#.........
#..........#......######.#
#.#.#..#........†.######.#
#.....#########.#.†......#
####.## #...##########


You could see 4 killer bees.

Vanquished Creatures
  A queen bee (D:8)
  2 hippogriffs
  Menkaure (D:7)
  3 phantoms
  2 orc warriors
  Purgy (Sewer)
  An ogre (D:4)
  2 big kobolds
  2 bullfrogs
  5 scorpions
  5 wights (D:7)
  6 killer bees (D:8)
  A crimson imp (D:6)
  A hound (D:7)
  2 jellies (D:7)
  A centaur zombie (D:5)
  4 orc priests
  A centaur skeleton (D:6)
  Terence (D:2)
  2 iguanas
  3 orc wizards
  8 worker ants
  2 hound skeletons
  2 howler monkey zombies
  4 adders
  2 river rats (D:4)
  4 shadow imps
  An ooze (D:1)
  3 adder skeletons (D:6)
  A worm (D:2)
  A dart slug (D:1)
  2 leopard geckos
  21 orcs
  10 bats
  8 giant cockroaches
  12 goblins
  9 hobgoblins
  14 jackals
  6 quokkas
  4 ball pythons
  A frilled lizard (D:5)
  A giant cockroach zombie (D:4)
  A goblin skeleton (D:7)
  A goblin zombie (D:7)
  3 hobgoblin zombies (D:7)
  A jackal skeleton (D:4)
  26 kobolds
  A kobold skeleton (D:7)
  A kobold zombie (D:7)
  An orc skeleton (D:7)
  An orc zombie (D:7)
  10 rats
  A plant (D:1)
210 creatures vanquished.

Notes
Turn   | Place    | Note
-------+----------+-------------------------------------------
     0 | D:1      | PentaManta the Troll Berserker began the quest for the Orb.
     0 | D:1      | Reached XP level 1. HP: 22/22 MP: 0/0
   149 | D:1      | Reached XP level 2. HP: 29/29 MP: 1/1
   396 | D:1      | Reached ** piety under Trog
   396 | D:1      | Reached XP level 3. HP: 36/36 MP: 2/2
   741 | D:2      | Noticed Terence
   746 | D:2      | Killed Terence
   749 | D:2      | Reached skill level 4 in Unarmed Combat
   754 | D:2      | Reached XP level 4. HP: 45/45 MP: 3/3
   767 | D:2      | Found a shadowy altar of Dithmenos.
  1008 | D:2      | Found a shattered altar of Ashenzari.
  1459 | D:3      | Reached *** piety under Trog
  1715 | D:3      | Reached XP level 5. HP: 50/53 MP: 4/4
  2175 | D:4      | Found Byruge Noeh's Book Boutique.
  2266 | D:4      | Reached skill level 5 in Unarmed Combat
  2266 | D:4      | Reached XP level 6. HP: 62/62 MP: 5/5
  2288 | D:4      | Found a glowing drain.
  2307 | Sewer    | Entered a sewer
  2317 | Sewer    | Reached **** piety under Trog
  2367 | Sewer    | Noticed Purgy
  2377 | Sewer    | Killed Purgy
  2509 | D:4      | HP: 2/63 [ogre/+0 giant club (15)]
  2512 | D:4      | Reached XP level 7. HP: 4/71 MP: 6/6
  2915 | D:5      | Entered Level 5 of the Dungeon
  2952 | D:5      | Found a sacrificial altar of Ru.
  2972 | D:5      | Reached skill level 6 in Unarmed Combat
  3074 | D:5      | Reached skill level 5 in Fighting
  3378 | D:5      | Received a gift from Trog
  3393 | D:5      | Found a hide-covered altar of Uskayaw.
  3495 | D:5      | Found a basalt altar of Yredelemnul.
  3727 | D:6      | Reached XP level 8. HP: 78/81 MP: 7/7
  3869 | D:6      | Noticed a hippogriff
  3878 | D:6      | Killed a hippogriff
  3878 | D:6      | Reached skill level 7 in Unarmed Combat
  4617 | D:7      | Found a staircase to the Ecumenical Temple.
  4620 | D:7      | Reached skill level 8 in Unarmed Combat
  4668 | D:7      | Reached XP level 9. HP: 64/92 MP: 8/8
  4798 | D:7      | Found a glowing golden altar of the Shining One.
  4846 | D:7      | Reached skill level 5 in Dodging
  4886 | D:7      | Reached ***** piety under Trog
  4949 | D:7      | Noticed Menkaure
  4957 | D:7      | Killed Menkaure
  5070 | D:7      | Found an ornate altar of the Wu Jian Council.
  5094 | Temple   | Entered the Ecumenical Temple
  5432 | D:7      | Found an ancient bone altar of Kikubaaqudgha.
  5719 | D:8      | Reached skill level 9 in Unarmed Combat
  5729 | D:8      | Noticed a queen bee
  5734 | D:8      | Killed a queen bee
  5787 | D:8      | HP: 4/94 [killer bee (9)]
  5788 | D:8      | Slain by a killer bee

Skill      XL: |  1  2  3  4  5  6  7  8  9 |
---------------+----------------------------+-----
Fighting       | 3 4 5 6 7 |  7.7
Unarmed Combat | 4 5 6 8 9 |  9.3
Dodging        | 3 4 5 |  5.5

Action                   |  1- 3 |  4- 6 |  7- 9 || total
-------------------------+-------+-------+-------++-------
Melee: Unarmed           |    84 |   186 |   318 ||   588
       Punch             |     1 |     4 |    12 ||    17
Invok: Berserk           |       |     2 |     2 ||     4
       Trog's Hand       |       |       |     1 ||     1
  Use: Scroll            |       |     1 |     2 ||     3
       Potion            |       |       |     1 ||     1
 Stab: Sleeping          |       |     1 |       ||     1
  Eat: Chunk             |     3 |    17 |    23 ||    43
       Ration            |       |       |     3 ||     3
Armor: Animal skin       |    48 |    55 |    91 ||   194
Dodge: Dodged            |    45 |   102 |   248 ||   395
